 Dungeon Crawl Stone Soup version 0.31-a0-986-g5e6e4ef867 (webtiles) character file.

Game seed: 3299688624639544276

5548 DocClef the Grappler (level 10, -3/104 HPs)
             Began as a Troll Shapeshifter on Nov 6, 2023.
             Was a Follower of Uskayaw.
             Succumbed to a hornet's poison
             ... on level 9 of the Dungeon.
             The game lasted 00:13:12 (7376 turns).

DocClef the Grappler (Troll Shapeshifter)           Turns: 7376, Time: 00:13:12

Health: -3/104     AC:  8    Str: 28    XL:     10   Next: 44%
Magic:  9/9        EV:  9    Int:  6    God:    Uskayaw [*.....]
Gold:   1320       SH:  0    Dex:  9    Spells: 9/9 levels left

rFire   . .          .
                       - Unarmed
rCold   . . .        (no shield)
rNeg    . . .        b - +0 acid dragon scales
rPois   .            (helmet currently unavailable)
rElec   .            (cloak currently unavailable)
rCorr   +            (gloves unavailable)
SInv    .            (boots unavailable)
Will    +....        (no amulet)
Stlth   +            v - ring of willpower
HPRegen 1.17/turn    z - +4 ring of slaying
MPRegen 0.11/turn

%: no passive effects
@: lethally poisoned (-3 -> -15), beast-form, slowed, very slow
A: beast (slay +4), large, unfitting armour, claws 3, regeneration 1, shaggy fur
1, tough skin 1
a: Begin Untransformation, Renounce Religion, Stomp


You were on level 9 of the Dungeon.
You worshipped Uskayaw.
Uskayaw was noncommittal.
You were a hulking beast.
You visited 2 branches of the dungeon, and saw 10 of its levels.
You also visited: Ossuary.

You collected 1320 gold pieces.

Inventory:

Missiles
 t - a throwing net
Armour
 a - a +0 animal skin
 b - +0 acid dragon scales (worn)
 C - a +0 troll leather armour
Jewellery
 i - a +6 ring of intelligence
 k - a ring of magical power
 v - a ring of willpower (left claw)
 z - a +4 ring of slaying (right claw)
Talismans
 c - a beast talisman
 d - a flux talisman
 x - a blade talisman
Wands
 h - a wand of polymorph (3)
 m - a wand of paralysis (16)
 q - a wand of quicksilver (7)
 s - a wand of flame (34)
Scrolls
 g - 4 scrolls of identify
 j - 6 scrolls of teleportation
 l - a scroll of blinking
 o - a scroll of amnesia
 w - a scroll of vulnerability
 y - a scroll of enchant armour {unknown}
 A - a scroll of enchant weapon {unknown}
 B - a scroll of revelation {unknown}
Potions
 e - 4 potions of curing
 f - 4 potions of heal wounds
 n - 2 potions of attraction
 p - 3 potions of cancellation {unknown}
 r - 2 potions of degeneration {unknown}
 u - a potion of haste {unknown}


   Skills:
 + Level 7.7 Fighting
 - Level 1.5 Dodging
 + Level 9.6 Unarmed Combat
 + Level 8.9 Shapeshifting


You had 9 spell levels left.
You didn't know any spells.
Your spell library contained the following spells:

 Spells                   Type           Power      Damage    Failure   Level
 Magic Dart               Conj           0%         1d3       52%         1
 Cigotuvi's Dreadful Rot  Necr/Pois/Air  0%         N/A       67%         2
 Searing Ray              Conj           0%         2d4       67%         2
 Frozen Ramparts          Ice            0%         1d1       88%         3
 Dispel Undead            Necr           0%         3d6       99%         4
 Fulminant Prism          Conj/Hex       0%         3d5       99%         4
 Olgreb's Toxic Radiance  Pois           0%         N/A       99%         4
 Petrify                  Tmut/Erth      0%         N/A       99%         4
 Metabolic Englaciation   Hex/Ice        0%         N/A       100%        5
 Death Channel            Necr           0%         N/A       100%        6
 Discord                  Hex            0%         N/A       100%        8
 Ignition                 Fire           0%         3d3       100%        8


Dungeon Overview and Level Annotations

Branches:
Dungeon (9/15)             Temple (1/1) D:5             Orc (0/2) D:9
Ossuary (visited)
   Lair: D:8-11

Altars:
Ashenzari
Cheibriados
Dithmenos
Elyvilon
Fedhas
Gozag
Hepliaklqana
Kikubaaqudgha
Makhleb
Nemelex Xobeh
Okawaru
Qazlal
Ru
Sif Muna
Trog
Uskayaw
Vehumet
Wu Jian
Xom
Yredelemnul
Zin
The Shining One

Annotations:
D:7 2 transporters, Sundig's ghost, novice DsFi
D:9 exclusion: orange crystal statue


Innate Abilities, Weirdness & Mutations

You are a hulking beast.
Your limbs bulge with bestial killing power. (Slay +4)
You are too large for most types of armour.
You have claws for hands.
Your natural rate of healing is unusually fast.
You are covered in fur. (AC +1)
You have tough skin. (AC +1)


Message History

You feel yourself speed up.
You feel extremely sick.
The hornet barely misses you. x2; The orc warrior barely misses you.
You see here a yak corpse.
You feel very sick. The hornet attacks as it pursues you!
The hornet stings you!
* * * LOW HITPOINT WARNING * * *
You are more poisoned.
You feel yourself slow down.
You see here a yak corpse.
You scratch the hornet but do no damage.
The hornet is lightly wounded.
You feel very sick. The hornet barely misses you. x2
You closely miss the hornet.
The hornet is lightly wounded.
You feel very sick. The hornet stings you!
* * * LOW HITPOINT WARNING * * *
You are more poisoned.
You feel as though you will be slow longer.
The hornet closely misses you.
You feel much better.
You feel extremely sick.
The hornet stings you but does no damage.
The hornet stings you!
* * * LOW HITPOINT WARNING * * *
You are more poisoned.
You feel as though you will be slow longer.
You feel much better.
* * * LOW HITPOINT WARNING * * *
You feel extremely sick. The hornet barely misses you.
The hornet stings you but does no damage.
The hornet stings you!
* * * LOW HITPOINT WARNING * * *
You feel as though you will be slow longer.
You miss the hornet.
The hornet is lightly wounded.
You die...

#..........
##....# #
#....#.# #.##
##...##
##..####..###
#.(...#o...##
#.oo....#
##y####.....
##h# ##...
#†##
$.........
#.# .........
##.# .......
#.## .......
##.# #......
##..#
#######....
###...###
#8...8# #..
#.####..##
###.....# #.


You could see a hornet, an orc warrior, an orc wizard and an orc.

Vanquished Creatures
  Maggie (D:6)
  A troll (D:9)
  A shadow (D:6)
  9 yaks
  A wraith (D:9)
  Eustachio (D:6)
  A steam dragon (D:7)
  Menkaure (D:5)
  2 water moccasins
  2 orc warriors
  2 centaurs
  6 ogres (D:9)
  A kobold brigand (D:8)
  5 bullfrogs
  A gnoll sergeant (D:9)
  5 wights
  12 killer bees
  4 hounds
  3 orc priests (D:5)
  4 iguanas
  4 orc wizards
  4 mummies (Ossuary)
  7 gnolls
  4 adders
  A shadow imp (D:6)
  3 white imps
  8 ufetubi
  2 worms
  A dart slug (D:3)
  31 orcs
  2 bats (D:2)
  5 endoplasms
  6 giant cockroaches
  6 gnoll zombies (Ossuary)
  3 goblins
  4 hobgoblins
  3 jackals (D:5)
  3 quokkas (D:1)
  6 ball pythons
  3 frilled lizards (D:3)
  7 gnoll skeletons (Ossuary)
  5 goblin skeletons (Ossuary)
  6 goblin zombies (Ossuary)
  3 hobgoblin skeletons (Ossuary)
  5 hobgoblin zombies (Ossuary)
  13 kobolds
  A kobold skeleton (Ossuary)
  2 kobold zombies (Ossuary)
  6 orc skeletons (Ossuary)
  4 orc zombies (Ossuary)
  3 rats
  3 rat skeletons (Ossuary)
  2 rat zombies (Ossuary)
229 creatures vanquished.

Vanquished Creatures (others)
  An orc (D:6)
1 creature vanquished.

Grand Total: 230 creatures vanquished

Notes
Turn   | Place    | Note
-------+----------+-------------------------------------------
     0 | D:1      | DocClef the Troll Shapeshifter began the quest for the Orb.
     0 | D:1      | Reached XP level 1. HP: 18/18 MP: 0/0
    61 | D:1      | Reached skill level 1 in Fighting
    90 | D:1      | Found a faded altar of an unknown god.
   270 | D:1      | Reached XP level 2. HP: 27/27 MP: 1/1
   684 | D:2      | Reached XP level 3. HP: 27/33 MP: 2/2
  1376 | D:3      | Identified the of Zariuton
  1376 | D:3      | Identified the "Juvuotro"
  1376 | D:3      | Identified the "Menad"
  1603 | D:3      | Found a white marble altar of Elyvilon.
  1702 | D:3      | Reached XP level 4. HP: 42/42 MP: 3/3
  1837 | D:3      | Found an iron altar of Okawaru.
  1965 | D:3      | Noticed a water moccasin
  2036 | D:3      | Found a shimmering blue altar of Sif Muna.
  2498 | D:4      | Reached skill level 4 in Unarmed Combat
  2598 | D:4      | Noticed a bullfrog
  2603 | D:4      | Killed a bullfrog
  2604 | D:4      | Reached XP level 5. HP: 50/50 MP: 4/4
  2726 | D:5      | Entered Level 5 of the Dungeon
  2759 | D:5      | Reached XP level 6. HP: 48/59 MP: 5/5
  2779 | D:5      | Noticed Menkaure
  2788 | D:5      | Killed Menkaure
  2880 | D:5      | Reached skill level 5 in Unarmed Combat
  2938 | D:5      | Reached XP level 7. HP: 67/67 MP: 6/6
  2990 | D:5      | Reached skill level 5 in Shapeshifting
  3258 | D:5      | Found a staircase to the Ecumenical Temple.
  3323 | Temple   | Entered the Ecumenical Temple
  3328 | Temple   | Became a worshipper of Uskayaw the Reveller
  3516 | D:5      | Reached * piety under Uskayaw
  3716 | D:6      | Noticed a shadow
  3950 | D:3      | Reached ** piety under Uskayaw
  4130 | D:6      | Noticed Eustachio
  4132 | D:6      | Noticed Maggie
  4145 | D:6      | Reached *** piety under Uskayaw
  4148 | D:6      | Reached **** piety under Uskayaw
  4149 | D:6      | Killed Maggie
  4150 | D:6      | Reached skill level 6 in Unarmed Combat
  4150 | D:6      | Reached XP level 8. HP: 37/79 MP: 7/7
  4166 | D:6      | Killed Eustachio
  4169 | D:6      | Reached ***** piety under Uskayaw
  4514 | D:6      | Reached skill level 5 in Fighting
  4626 | D:6      | Reached skill level 7 in Unarmed Combat
  4750 | D:7      | Identified a scroll of acquirement
  4750 | D:7      | Acquired 872 gold pieces
  4977 | D:7      | Found a sand-covered staircase.
  4984 | Ossuary  | Entered an ossuary
  5361 | D:7      | Found a transporter.
  5387 | D:7      | Noticed a troll
  5397 | D:7      | Found a transporter.
  5398 | D:7      | Noticed Sundig's ghost (novice DsFi)
  5399 | D:7      | Noticed a moth of wrath
  5400 | D:7      | Found a bloodstained altar of Trog.
  5534 | D:7      | Found a basalt altar of Yredelemnul.
  5646 | D:7      | Reached XP level 9. HP: 83/89 MP: 8/8
  6010 | D:8      | Found a stormy altar of Qazlal.
  6064 | D:8      | Found a blossoming altar of Fedhas.
  6157 | D:8      | Found a shadowy altar of Dithmenos.
  6222 | D:8      | Reached skill level 8 in Unarmed Combat
  6916 | D:9      | Reached XP level 10. HP: 87/102 MP: 9/9
  6930 | D:9      | Reached skill level 9 in Unarmed Combat
  6990 | D:9      | Found a staircase to the Orcish Mines.
  7007 | D:9      | Reached ****** piety under Uskayaw
  7078 | D:9      | Noticed an orange crystal statue
  7148 | D:9      | Noticed a two-headed ogre
  7373 | D:9      | HP: 2/104 [hornet (14)]
  7376 | D:9      | Succumbed to a hornet's poison

Illustrated notes

Levels and vault maps discovered:
D:1:      roderic_octagonal_star, layout_rooms,
          shapermc_ecumenical_altar_flowoftime, minmay_stone_trees_medium
D:2:      layout_loops_ring, minmay_misc_feat_plants, grunt_decor_resistance,
          lemuel_flame_loot_1
D:3:      layout_basic, nicolae_sif_muna_little_library,
          mainiacjoe_overflow_small_starburst, mainiacjoe_overflow_alcove_1,
          minmay_puff
D:4:      layout_basic
D:5:      layout_gridville, minmay_temple_entry_statues_pillars,
          minmay_door_square, wad_floor_pattern_untrapped, uniq_menkaure
D:6:      layout_rooms, uniq_eustachio, uniq_maggie
D:7:      layout_loops_cross, lemuel_tele_altar,
          gammafunk_ghost_wrathful_warriors, enter_ossuary_5, kennysheep_potato
D:8:      layout_basic, overflow_temple_1_default, grunt_dithmenos_smoke,
          mainiacjoe_overflow_tiny_flanked
D:9:      nzn_winding_woodlands_cross [nzn_winding_woodlands_5x15_sawtooth,
          nzn_winding_woodlands_5x15_longhouse,
          nzn_winding_woodlands_5x15_garden, nzn_winding_woodlands_5x15_parted,
          nzn_winding_woodlands_15x15_thick_spiral], layout_layer_cave,
          lair_entry_dummy, kennysheep_orc_monster_closet_entryway, st_stairs_9,
          minivault_16, minmay_crystal_room
Temple:   minmay_freezing_vapour_temple

Skill      XL: |  1  2  3  4  5  6  7  8  9 10 |
---------------+-------------------------------+-----
Fighting       | 1 2 3 4 5 7 |  7.7
Unarmed Combat | 4 5 6 7 8 9 |  9.6
Shapeshifting  | 4 5 6 8 |  8.9
Dodging        | |  1.5

Action                     |  1- 3 |  4- 6 |  7- 9 | 10-12 || total
---------------------------+-------+-------+-------+-------++-------
  Melee: Unarmed           |    80 |    78 |   306 |    61 ||   525
         Punch             |     2 |     1 |    12 |     2 ||    17
    Use: Potion            |       |       |    10 |     2 ||    12
         Scroll            |       |       |     9 |       ||     9
   Stab: Sleeping          |     1 |       |       |       ||     1
         Paralysed         |       |       |     9 |     5 ||    14
 Armour: Animal skin       |    39 |    43 |   109 |       ||   191
         Skin              |       |       |   139 |       ||   139
         Acid dragon scale |       |       |   106 |    44 ||   150
  Dodge: Dodged            |    28 |    38 |   150 |    35 ||   251

Table legend: (Time is in decaauts)
 A = Elapsed time spent in this place.
 B = Non-inter-level travel time spent in this place.
 C = Inter-level travel time spent in this place.
 D = Time resting spent in this place.
 E = Time spent auto-exploring this place.
 F = Levels seen in this place.
 G = Mean time per level.
                   A        B        C        D        E       F      G
               +--------+--------+--------+--------+--------+-----+--------+
         Total |   7322 |   6737 |    585 |    407 |   4828 |  11 |  665.6 |
       Dungeon |   6976 |   6399 |    577 |    407 |   4709 |   9 |  775.1 |
        Temple |     10 |      2 |      8 |      0 |      0 |   1 |   10.0 |
       Ossuary |    335 |    335 |      0 |      0 |    119 |   1 |  335.0 |
               +--------+--------+--------+--------+--------+-----+--------+

Top non-repeatable levels by time:
     D:3: 984 daAuts
     D:5: 978 daAuts
     D:8: 945 daAuts
     D:7: 854 daAuts
     D:2: 800 daAuts
     D:4: 777 daAuts
     D:6: 638 daAuts
     D:1: 571 daAuts
     D:9: 425 daAuts
 Ossuary: 335 daAuts
  Temple: 10 daAuts
